 Dungeon Crawl Stone Soup version 0.30-a0-476-g330ca2eb8e (webtiles) character file.

Game seed: 4875682895046858512

1950904 testman the Conqueror (level 25, 229/229 (234) HPs)
             Began as a Barachi Hunter on Dec 21, 2022.
             Was an Initiate of Gozag.
             Escaped with the Orb
             ... and 3 runes on Dec 22, 2022!
             The game lasted 05:23:48 (48178 turns).

testman the Conqueror (Barachi Hunter)             Turns: 48178, Time: 05:23:49

HP:   229/229 (234) AC: 20    Str:  6 (8)  XL:     25   Next: 37%
MP:   28/28         EV: 40    Int: 12 (13) God:    Gozag
Gold: 4350          SH:  5    Dex: 34 (35) Spells: 24/35 levels left

rFire   + + .      SeeInvis +    U - +9 arbalest "Saott" {elec, rF+}
rCold   + + +      Faith    .    (shield currently unavailable)
rNeg    + . .      Spirit   .    F - +3 steam dragon scales "Samuocve" {rC+++ Str-5 SInv Stlth-}
rPois   +          Reflect  +    (no helmet)
rElec   +          Harm     .    O - +0 cloak "Paofic" {Str-5 Int+4 Dex+7}
rCorr   +          Rampage  .    s - +0 pair of gloves of Bitterness {Contam +Blink Slay+3}
Will    ++...      Clarity  +    X - +2 pair of boots
Stlth   +.........               T - amulet of Fetiuddo {Reflect rElec rPois Will++ rCorr SH+5 Stlth-}
HPRegen 0.58/turn                B - ring of Cuxymoake {rF+ Will- Str+2 Slay+4}
MPRegen 0.21/turn                a - ring "Muniell" {rN+ Str+2 Int-2 Dex+3}

@: studying Fire Magic, lightly drained, bribing [the Dungeon, the Realm of
Zot], slow
A: amphibious, slowness 1, strong legs 2, +LOS, see invisible, clarity,
deterioration 2, low MP 1
0: Orb of Zot
}: 3/15 runes: barnacled, abyssal, gossamer
a: Hop, Renounce Religion, Evoke Blink, Potion Petition, Call Merchant, Bribe
Branch


You escaped.
You worshipped Gozag.
Gozag was most pleased with you.
You visited 9 branches of the dungeon, and saw 45 of its levels.
You visited the Abyss 1 time.
You visited 1 bazaar.
You also visited: Sewer, Gauntlet and Ice Cave.

You collected 25081 gold pieces.
You spent 8362 gold pieces at shops.
You paid 12369 gold pieces to Gozag.

Inventory:

Hand Weapons
 g - the +7 arbalest "Qionk" {antimagic, rCorr Str+3 Dex-2 SInv}
   (You took it off a minotaur on level 4 of the Shoals)

   It reduces the magical energy of the wielder, and disrupts the spells and
   magical abilities of those it strikes.
   Natural abilities and divine invocations are not affected.
   Str:       It affects your strength (+3).
   Dex:       It affects your dexterity (-2).
   SInv:      It lets you see invisible.
   rCorr:     It protects you from acid and corrosion.
 j - the +6 arbalest "Damnation" {damnation}
   (You bought it in a shop in a bazaar)

   Any ammunition fired from it explodes in a burst of damnation on striking a
   foe, dealing damage which bypasses armour.
 U - the +9 arbalest "Saott" (weapon) {elec, rF+}
   (You found it on level 14 of the Dungeon)

   Any ammunition fired from it occasionally discharges a powerful burst of
   electricity upon striking a foe.
   rF:        It protects you from fire.
Armour
 s - the +0 pair of gloves of Bitterness (worn) {Contam +Blink Slay+3}
   (You found it in a Gauntlet)

   Slay:      It affects your accuracy & damage with ranged weapons and melee
   (+3).
   +Blink:    It lets you blink.
   Contam:    It causes magical contamination when unequipped.
 v - a +2 helmet
 F - the +3 steam dragon scales "Samuocve" (worn) {rC+++ Str-5 SInv Stlth-}
   (You bought it in a shop on level 2 of the Vaults)

   Str:       It affects your strength (-5).
   rC:        It renders you almost immune to cold.
   SInv:      It lets you see invisible.
   Stlth:     It makes you less stealthy.
 O - the +0 cloak "Paofic" (worn) {Str-5 Int+4 Dex+7}
   (You bought it in a shop on level 7 of the Dungeon)

   Str:       It affects your strength (-5).
   Int:       It affects your intelligence (+4).
   Dex:       It affects your dexterity (+7).
 X - a +2 pair of boots (worn)
Jewellery
 a - the ring "Muniell" (right hand) {rN+ Str+2 Int-2 Dex+3}
   (You took it off a centaur warrior on level 13 of the Dungeon)

   [ring of positive energy]

   Str:       It affects your strength (+2).
   Int:       It affects your intelligence (-2).
   Dex:       It affects your dexterity (+3).
   rN:        It protects you from negative energy.
 k - the ring "Mafisu" {Wiz Fly rC- Str+3 Int+4}
   (You took it off a centaur warrior on level 13 of the Dungeon)

   [ring of wizardry]

   It improves your spell success rate.
   Str:       It affects your strength (+3).
   Int:       It affects your intelligence (+4).
   rC:        It makes you vulnerable to cold.
   Fly:       It grants you flight.
 B - the ring of Cuxymoake (left hand) {rF+ Will- Str+2 Slay+4}
   (You bought it in a shop on level 1 of the Depths)

   [ring of slaying]

   Str:       It affects your strength (+2).
   Slay:      It affects your accuracy & damage with ranged weapons and melee
   (+4).
   rF:        It protects you from fire.
   Will:      It decreases your willpower.
 T - the amulet of Fetiuddo (around neck) {Reflect rElec rPois Will++ rCorr SH+5 Stlth-}
   (You found it on level 13 of the Dungeon)

   [amulet of reflection]

   It reflects blocked missile attacks.
   rElec:     It insulates you from electricity.
   rPois:     It protects you from poison.
   rCorr:     It protects you from acid and corrosion.
   SH:        It affects your SH (+5).
   Will:      It greatly increases your willpower.
   Stlth:     It makes you less stealthy.
Wands
 n - a wand of flame (65)
 u - a wand of digging (1)
 w - a wand of iceblast (44)
 J - a wand of polymorph (33)
 M - a wand of light (30)
 W - a wand of charming (17)
 Y - a wand of mindburst (21)
Scrolls
 b - 5 scrolls of immolation
 d - 10 scrolls of enchant armour
 e - 15 scrolls of teleportation
 h - 3 scrolls of blinking
 i - 6 scrolls of vulnerability
 l - 9 scrolls of enchant weapon
 m - a scroll of butterflies
 p - a scroll of poison
 q - 8 scrolls of fog
 y - a scroll of amnesia
 D - 7 scrolls of fear
 E - a scroll of magic mapping
 L - 3 scrolls of brand weapon
 V - 3 scrolls of silence
Potions
 c - 8 potions of flight
 f - 11 potions of might
 o - 4 potions of mutation
 t - 5 potions of cancellation
 x - 24 potions of curing
 z - 2 potions of berserk rage
 A - 12 potions of ambrosia
 G - 10 potions of heal wounds
 K - 3 potions of invisibility
 N - a potion of brilliance
 P - 5 potions of resistance
Miscellaneous
 r - a lightning rod (4/4)
 H - a tin of tremorstones (2/2)
 I - a condenser vane
 S - a box of beasts


   Skills:
 O Level 27 Fighting
 + Level 23.6 Ranged Weapons
 + Level 19.8 Armour
 + Level 21.5 Dodging
 - Level 0.8 Stealth
 - Level 5.6 Spellcasting
 + Level 6.3 Conjurations
 + Level 6.9 Translocations
 + Level 18.3 Evocations


You had 24 spell levels left.
You knew the following spells:

 Your Spells              Type           Power      Damage    Failure   Level
a - Apportation           Tloc           38%        N/A       1%          1
b - Iskenderun's Mystic   Conj/Tloc      19%        2d6       12%         4
c - Gell's Gravitas       Tloc           19%        N/A       3%          3
d - Teleport Other        Tloc           19%        N/A       3%          3

Your spell library contained the following spells:

 Spells                   Type           Power      Damage    Failure   Level
 Magic Dart               Conj           72%        1d6       1%          1
 Momentum Strike          Conj/Tloc      38%        3d9       1%          2
 Lesser Beckoning         Tloc           38%        N/A       3%          3
 Foxfire                  Conj/Fire      44%        2x1d6     4%          1
 Shock                    Conj/Air       44%        1d5       4%          1
 Passage of Golubria      Tloc           19%        N/A       11%         4
 Dazzling Flash           Conj/Hex       22%        N/A       16%         3
 Hailstorm                Conj/Ice       11%        3d5       16%         3
 Beastly Appendage        Tmut           6%         N/A       19%         1
 Freeze                   Ice            12%        1d3       19%         1
 Necrotise                Necr           12%        1d4       19%         1
 Slow                     Hex            12%        N/A       19%         1
 Sting                    Tmut/Pois      12%        1d3       19%         1
 Summon Small Mammal      Summ           12%        N/A       19%         1
 Kindle Blastsparks       Fire/Tloc/Air  16%        2d11      22%         3
 Mephitic Cloud           Conj/Pois/Air  8%         N/A       24%         3
 Call Imp                 Summ           3%         N/A       28%         2
 Cigotuvi's Dreadful Rot  Necr/Pois/Air  6%         N/A       28%         2
 Poisonous Vapours        Pois/Air       6%         N/A       28%         2
 Scorch                   Fire           6%         2d5       28%         2
 Wereblood                Tmut           3%         N/A       28%         2
 Iskenderun's Battlesphe  Conj           18%        2d7       36%         5
 Flame Wave               Conj/Fire      11%        2d6       45%         4
 Fulminant Prism          Conj/Hex       5%         3d6       45%         4
 Confusing Touch          Hex            3%         N/A       50%         3
 Ignite Poison            Fire/Tmut/Pois 3%         N/A       50%         3
 Ozocubu's Armour         Ice            3%         N/A       50%         3
 Spider Form              Tmut/Pois      3%         N/A       50%         3
 Swiftness                Air            3%         N/A       50%         3
 Vampiric Draining        Necr           3%         2d6       50%         3
 Arcjolt                  Conj/Air       5%         1d15      80%         5
 Fireball                 Conj/Fire      5%         3d5       80%         5
 Irradiate                Conj/Tmut      5%         3d13      80%         5
 Airstrike                Air            1%         2d(1-17)  88%         4
 Ice Form                 Ice/Tmut       3%         N/A       88%         4
 Leda's Liquefaction      Hex/Erth       1%         N/A       88%         4
 Olgreb's Toxic Radiance  Pois           3%         N/A       88%         4
 Petrify                  Tmut/Erth      3%         N/A       88%         4
 Freezing Cloud           Conj/Ice/Air   4%         6-21      91%         5
 Agony                    Necr           3%         N/A       99%         5
 Alistair's Intoxication  Tmut/Pois      2%         N/A       99%         5
 Borgnjor's Vile Clutch   Necr/Erth      1%         N/A       99%         5
 Lee's Rapid Deconstruct  Erth           1%         3d4*      99%         5
 Metabolic Englaciation   Hex/Ice        1%         N/A       99%         5
 Silence                  Hex/Air        1%         N/A       99%         5
 Yara's Violent Unravell  Hex/Tmut       1%         3d3       99%         5
 Conjure Ball Lightning   Conj/Air       5%         3x3d6     100%        6
 Death Channel            Necr           1%         N/A       100%        6
 Eringya's Noxious Bog    Tmut/Pois      1%         N/A       100%        6
 Iron Shot                Conj/Erth      5%         9d2       100%        6
 Starburst                Conj/Fire      5%         6d4       100%        6
 Statue Form              Tmut/Erth      2%         N/A       100%        6
 Summon Cactus Giant      Summ           1%         N/A       100%        6
 Dragon Form              Tmut           1%         N/A       100%        7
 Enfeeble                 Hex            1%         N/A       100%        7
 Ozocubu's Refrigeration  Ice            1%         4d7       100%        7
 Spellforged Servitor     Conj/Summ      5%         N/A       100%        7
 Discord                  Hex            1%         N/A       100%        8
 Disjunction              Tloc           9%         N/A       100%        8
 Ignition                 Fire           1%         3d3       100%        8
 Lehudib's Crystal Spear  Conj/Erth      5%         10d3      100%        8
 Animate Dead             Necr           Unusable   N/A       N/A         4
 Simulacrum               Ice/Necr       Unusable   N/A       N/A         6

Dungeon Overview and Level Annotations

Branches:
Dungeon (15/15)            Temple (0/1) D:6            Lair (5/5) D:10
 Shoals (4/4) Lair:2       Spider (4/4) Lair:2        Slime (0/5) Lair:4
    Orc (2/2) D:12            Elf (2/3) Orc:2        Vaults (4/5) D:13
  Crypt (0/3) Vaults:2     Depths (4/4) D:15            Zot (5/5) Depths:4
  Sewer (visited)           IceCv (visited)         Gauntlet (visited)

Altars:
Cheibriados
Fedhas
Gozag
Makhleb
Nemelex Xobeh
Okawaru
Qazlal
Trog
Vehumet
Wu Jian
Xom
The Shining One
Jiyva
Lugonu

Shops:
D:1 *   D:2 (   D:7 **!   D:8 ?   D:11 [   D:12 (   Orc:2 :*[!   Vaults:1 *
Vaults:2 *   Vaults:3 !   Depths:1 ::=   Depths:2 =   Depths:3 [=   Depths:4 ?

Portals:
Hell: Depths:1 Depths:2 Depths:3 Depths:4
Abyss: Depths:1 Depths:3 Depths:4
Pandemonium: Depths:4
Ziggurat: Depths:4
Trove: Vaults:1 (give horn of Geryon)

Annotations:
Elf:2 3 runed translucent doors
Zot:1 Josephina
Zot:3 Parghit


Innate Abilities, Weirdness & Mutations

You are amphibious.
You cover ground slowly.
You can hop long distances.
You have an extended range of vision and can be seen from far away.
You have supernaturally acute eyesight. (SInv)
You possess an exceptional clarity of mind.
Your body often deteriorates upon taking damage.
Your magical capacity is low. (-10% MP)


Message History

(D) Dungeon (T) Temple (L) Lair (A) Shoals (N) Spider Nest (M) Slime Pits (O) Orcish Mines (E) Elven Halls (V) Vaults (C) Crypt (U) Depths (H) Hell (Z) Zot
Where to? (Enter - D:2, ? - help)
You swap places.
Things that are here:
a +0 hand axe; 2 boomerangs; a +0 whip
There is a stone staircase leading down here.
Items here: )))) [[[[.
There is a stone staircase leading up here.
You climb upwards.
There is a stone staircase leading down here.
(D) Dungeon (T) Temple (L) Lair (A) Shoals (N) Spider Nest (M) Slime Pits (O) Orcish Mines (E) Elven Halls (V) Vaults (C) Crypt (U) Depths (H) Hell (Z) Zot
Where to? (Enter - D:2, ? - help)
A ynoxinul comes into view.
You shoot a bolt. The bolt hits the ynoxinul!!!!
You kill the ynoxinul!
(D) Dungeon (T) Temple (L) Lair (A) Shoals (N) Spider Nest (M) Slime Pits (O) Orcish Mines (E) Elven Halls (V) Vaults (C) Crypt (U) Depths (H) Hell (Z) Zot
Where to? (Enter - D:1, ? - help)
The Tzitzimitl stares, then turns away, jangling a coin purse.
A Tzitzimitl comes into view.
Your Ice Fiend grins greedily, jangling a coin purse.
An Ice Fiend comes into view.
There is a stone staircase leading up here.
There are no items here.
Unknown command.
You climb upwards.
There is a stone staircase leading down here.
You swap places.
Things that are here:
4 stones; a +0 whip
There is a staircase leading out of the dungeon here.
You have escaped!

.# #.# #................ .# #.#
##.#.############# ####
#.###..#.# #......
...#########.##...#.#######.#####
...'.........#..8...........# #
...#######.##.........####### #
...# #............# # ...#
##.....8.....# # ...#
##....@4...## # ...# #.8.....8.#
# ...# #.§§§≈≈...# # ...#
###§§≈≈≈### # #### #≈§§≈≈# #
#≈≈>≈≈# # ####### # # #


You could see a friendly orange demon.

Vanquished Creatures
  The ghost of Gofuck the Warrior, a veteran DgAE (Zot:4)
  4 orbs of fire
  A juggernaut (Depths:2)
  Vv (Depths:4)
  Bai Suzhen (Depths:1)
  Margery (Vaults:4)
  3 Killer Klowns (Zot:5)
  8 golden dragons
  A bone dragon (Depths:1)
  Arachne (Spider:2)
  2 electric golems
  2 tentacled monstrosities
  Jorgrun (Spider:3)
  2 walking crystal tomes (Depths:2)
  5 quicksilver dragons
  A titan (Vaults:3)
  An Ice Fiend (IceCv)
  Rupert (D:15)
  10 Orb Guardians
  A lich (Depths:2)
  An ancient champion (Vaults:2)
  A walking divine tome (Depths:2)
  4 death cobs
  5 sphinxes
  2 shadow dragons
  Polyphemus (Shoals:3)
  Kirke (Shoals:1)
  The ghost of lotum the Executioner, an adept MiBe of Lugonu (Shoals:2)
  Agnes (D:15)
  6 tengu reavers
  2 draconian knights
  4 storm dragons
  Ilsuiw (Shoals:3)
  An azure jelly (Lair:5)
  A draconian monk (Depths:4)
  3 draconian scorchers
  A deep elf sorcerer (Vaults:3)
  10 emperor scorpions (Spider:4)
  6 fire giants
  3 ghost moths
  Roxanne (Elf:1)
  8 frost giants
  11 vault wardens
  A juggernaut zombie (Depths:1)
  An orc warlord (Vaults:3)
  A broodmother (Spider:1)
  A draconian shifter (Depths:4)
  2 draconian stormcallers
  14 ironbound preservers
  A caustic shrike skeleton (Depths:1)
  3 juggernaut skeletons (Depths:1)
  5 spriggan defenders
  25 very ugly things
  3 green draconians
  10 stone giants
  3 war gargoyles
  6 red draconians
  3 vampire knights
  Nessos (D:12)
  11 ironbound thunderhulks
  A deep elf demonologist (Vaults:3)
  4 black draconians
  2 white draconians (Zot:5)
  4 purple draconians
  6 deep elf annihilators
  7 dire elephants
  A spark wasp (Spider:1)
  A deep elf death mage (Vaults:3)
  3 crystal guardians
  2 minotaurs
  10 ettins
  4 merfolk javelineers
  An eidolon (Vaults:2)
  10 fire dragons
  8 entropy weavers
  12 merfolk impalers
  2 deep elf high priests
  A quicksilver dragon skeleton (Depths:1)
  11 yaktaur captains
  6 rakshasas
  5 great orbs of eyes
  An ice dragon (shapeshifter) (Depths:2)
  7 ice dragons
  4 vault guards
  Fannar (D:12)
  5 spriggan air magi
  6 hydras
  Erolcha (D:12)
  An ogre mage (D:15)
  3 spriggan skeletons
  2 catoblepae
  4 two-headed ogres
  3 peacekeepers
  3 caustic shrike simulacra (IceCv)
  A death knight (Vaults:2)
  3 radroaches
  11 boulder beetles
  6 ironbound frosthearts
  2 jorogumos
  An alligator snapping turtle (Shoals:4)
  A spectral shadow dragon (Zot:4)
  20 centaur warriors
  14 satyrs (Shoals:4)
  4 merfolk avatars
  18 dancing weapons
  8 death yaks
  8 deep troll shamans
  A spectral draconian (Zot:4)
  4 tengu warriors
  3 vampire magi
  A merfolk aquamancer (Shoals:2)
  A hell hog (Gauntlet)
  8 spriggan berserkers
  9 deep troll earth magi
  3 thrashing horrors (Abyss:3)
  3 orc high priests (Orc:2)
  2 soul eaters
  A spectral storm dragon (Zot:4)
  A spectral white draconian (Zot:4)
  5 iron trolls
  21 spriggans
  12 hell knights
  2 titan skeletons (Depths:1)
  2 spectral purple draconians (Zot:4)
  5 deep elf knights
  Lodul (D:12)
  7 pharaoh ants
  A sun moth (Spider:4)
  72 deep trolls
  9 steelbarb worms
  5 orb spiders
  5 skeletal warriors (D:14)
  3 golden dragon zombies (Depths:1)
  An orange crystal statue (Elf:2)
  12 sea snakes
  6 glowing orange brains
  Pikel (D:7)
  7 deep elf archers
  A tengu zombie (Depths:1)
  2 bog bodies (IceCv)
  A shadow dragon zombie (Depths:1)
  3 flayed ghosts
  13 ironbound convokers
  8 wizards
  17 lindwurms
  2 obsidian statues (IceCv)
  A phantasmal warrior (Vaults:2)
  6 orc knights
  18 deep elf pyromancers
  10 deep elf zephyrmancers
  3 necromancers
  33 harpies
  An iron dragon zombie (Depths:1)
  9 oklob plants
  13 manticores
  A sphinx zombie (Depths:1)
  4 orc sorcerers (Orc:2)
  39 ugly things
  23 wolf spiders
  13 cyclopes
  An iron dragon skeleton (Depths:1)
  2 sphinx skeletons
  14 moths of wrath
  12 fauns
  9 merfolk sirens
  15 vault sentinels
  13 elephants
  An apocalypse crab (Abyss:3)
  A guardian serpent (shapeshifter) (D:13)
  An eye of devastation (shapeshifter) (Depths:2)
  Joseph (D:11)
  4 water nymphs
  An ice statue (Lair:2)
  5 cane toads
  5 black mambas
  4 torpor snails
  2 kobold demonologists
  35 yaktaurs
  2 komodo dragons (Lair:5)
  3 unseen horrors
  A yaktaur (shapeshifter) (D:13)
  12 demonic crawlers
  4 efreet
  9 freezing wraiths
  A rime drake (Lair:5)
  A silent spectre (Vaults:3)
  An ice devil (Lair:2)
  5 trolls
  A queen bee (Gauntlet)
  2 golden dragon simulacra (IceCv)
  A tengu simulacrum (Vaults:1)
  4 tengu conjurers
  A meliai (shapeshifter) (D:13)
  29 tarantellas
  An ancient zyme (Abyss:3)
  10 hornets
  A troll (shapeshifter) (Elf:1)
  5 polar bears
  6 wind drakes
  3 raiju (Abyss:3)
  A blink frog (shapeshifter) (Elf:1)
  24 merfolk
  12 blink frogs
  36 slime creatures
  7 snapping turtles
  Prince Ribbit (D:5)
  6 dream sheep
  5 small abominations
  A jumping spider (shapeshifter) (D:15)
  25 jumping spiders
  2 air elementals
  32 yaks
  14 water elementals
  8 large abominations (Depths:4)
  2 wyverns
  2 fire elementals (Elf:2)
  A ynoxinul (D:2)
  Eustachio (D:4)
  21 culicivoras
  6 basilisks
  6 wraiths
  4 chaos spawn
  4 fire bats (Gauntlet)
  A minotaur simulacrum (IceCv)
  2 vampires
  A golden eye (shapeshifter) (D:13)
  A golden eye (Depths:1)
  A red draconian simulacrum (Zot:4)
  2 steam dragons
  5 hogs (Shoals:1)
  7 vampire mosquitoes
  84 redbacks
  A glowing shapeshifter zombie (Depths:1)
  5 wargs
  Menkaure (D:5)
  An acid dragon (D:11)
  Edmund (D:6)
  3 hydra simulacra (IceCv)
  A hell hound (Gauntlet)
  A floating eye (Depths:2)
  A floating eye (shapeshifter) (Vaults:1)
  A glowing shapeshifter skeleton (Depths:2)
  5 black bears
  2 moth of wrath simulacra
  22 water moccasins
  4 ettin simulacra
  20 orc warriors
  2 sky beasts
  2 starcursed masses (Abyss:3)
  10 ice beasts
  9 boggarts
  21 wolves
  16 ogres
  6 centaurs
  2 lemures (D:7)
  3 phantoms (D:6)
  Blork the orc (D:6)
  6 kobold brigands
  4 scorpions
  16 bullfrogs
  A deep troll simulacrum (IceCv)
  2 gnoll sergeants
  An earth elemental (Elf:1)
  4 wights
  4 killer bees
  A lindwurm simulacrum (IceCv)
  5 electric eels
  12 howler monkeys
  4 hounds
  3 jellies (Lair:5)
  A gnoll bouda (D:6)
  19 orc priests
  An iron imp (Abyss:3)
  Ijyb (D:3)
  5 iguanas
  26 orc wizards
  5 hell rats (Lair:5)
  A human simulacrum (D:9)
  15 gnolls
  6 adders
  A river rat (D:5)
  A shadow imp (D:5)
  5 white imps
  2 ufetubi
  A worm (D:4)
  A dart slug (D:4)
  69 orcs
  5 bats
  4 endoplasms
  3 giant cockroaches
  5 goblins
  5 hobgoblins
  8 jackals
  36 kobolds
  2 quokkas
  7 ball pythons
  5 rats
  A bush (Lair:4)
1887 creatures vanquished.

Vanquished Creatures (collateral kills)
  A Killer Klown (Zot:5)
  A golden dragon (Zot:1)
  3 Orb Guardians (Zot:5)
  A storm dragon (Zot:4)
  2 shadow dragons
  A draconian monk (Zot:2)
  A draconian knight (Zot:2)
  2 draconian shifters (Zot:1)
  3 green draconians
  2 white draconians
  A yellow draconian (Zot:2)
  2 moths of wrath
20 creatures vanquished.

Vanquished Creatures (others)
  A dread lich (Zot:5)
  An ancient lich (Zot:4)
  4 Killer Klowns (Zot:5)
  A curse toe (Zot:5)
  2 tentacled monstrosities
  10 Orb Guardians (Zot:5)
  A quicksilver dragon (Zot:5)
  A sphinx (Zot:5)
  An eldritch tentacle (Zot:5)
  A rockslime (Zot:5)
  A draconian monk (Zot:5)
  A draconian knight (Zot:5)
  A ghost moth (Zot:5)
  A draconian annihilator (Zot:5)
  2 black draconians
  2 purple draconians
  3 yellow draconians
  A white draconian (Zot:5)
  3 red draconians
  A spectral quicksilver dragon (Zot:4)
  A spectral black draconian (Zot:4)
  2 moths of wrath (Zot:5)
  An orange demon (D:4)
  A spectral moth of wrath (Zot:4)
  2 draconian simulacra (Zot:1)
  3 moth of wrath simulacra
  A human simulacrum (D:9)
  2 orcs
  3 ball lightnings (Zot:4)
  20 demonic plants (Gauntlet)
  11 fungi
  48 plants
  2 starspawn tentacles (Abyss:3)
  4 toadstools (Depths:2)
140 creatures vanquished.

Grand Total: 2047 creatures vanquished

Notes
Turn   | Place    | Note
-------+----------+-------------------------------------------
     0 | D:1      | testman the Barachi Hunter began the quest for the Orb.
     0 | D:1      | Reached XP level 1. HP: 17/17 MP: 1/1
    91 | D:1      | Reached XP level 2. HP: 23/23 MP: 2/2
   164 | D:1      | Reached skill level 3 in Fighting
   418 | D:1      | Found Evvey's Assorted Antiques.
   802 | D:2      | Reached XP level 3. HP: 29/29 MP: 3/3
   915 | D:2      | Found Nishain's Antique Weapon Boutique.
  1001 | D:2      | Found an opulent altar of Gozag.
  1094 | D:2      | Became a worshipper of Gozag Ym Sagoz the Greedy
  1884 | D:1      | Bought a helmet for 76 gold pieces
  2000 | D:4      | Reached skill level 4 in Fighting
  2000 | D:4      | Reached XP level 4. HP: 37/37 MP: 4/4
  2024 | D:4      | Reached skill level 5 in Ranged Weapons
  2055 | D:4      | Reached XP level 5. HP: 43/43 MP: 5/5
  2079 | D:4      | Reached skill level 5 in Fighting
  2090 | D:4      | Noticed Ijyb
  2094 | D:4      | HP: 2/44 [orc priest/divine providence (15)]
  2135 | D:3      | Killed Ijyb
  2136 | D:3      | Reached XP level 6. HP: 36/51 MP: 6/6
  2188 | D:3      | Reached skill level 6 in Fighting
  2504 | D:1      | Bought a granite ring for 85 gold pieces
  2508 | D:1      | Bought a glowing dark potion for 15 gold pieces
  2508 | D:1      | Bought an inky potion for 15 gold pieces
  2508 | D:1      | Bought a scroll of identify for 34 gold pieces
  2649 | D:4      | Reached XP level 7. HP: 39/59 MP: 7/7
  2710 | D:4      | Noticed Eustachio
  2728 | D:4      | Killed Eustachio
  2780 | D:4      | Reached skill level 7 in Fighting
  2905 | D:5      | Entered Level 5 of the Dungeon
  2938 | D:5      | Identified the +11 halberd of Ashenzari's Respect
                  | {antimagic, rC+++ Will+ Dex+4}
  2968 | D:5      | Found a glowing drain.
  2978 | Sewer    | Entered a sewer
  3106 | D:5      | Noticed Prince Ribbit
  3113 | D:5      | Killed Prince Ribbit
  3114 | D:5      | Reached skill level 8 in Fighting
  3114 | D:5      | Reached XP level 8. HP: 68/68 MP: 8/8
  3212 | D:5      | Found a stormy altar of Qazlal.
  3538 | D:5      | Noticed Menkaure
  3546 | D:5      | Killed Menkaure
  3547 | D:5      | Reached skill level 9 in Fighting
  3827 | D:6      | Reached XP level 9. HP: 78/78 MP: 9/9
  3832 | D:6      | Got the Compilation of the Floating Wayfarer
  3846 | D:6      | Found a staircase to the Ecumenical Temple.
  3866 | D:6      | Reached skill level 10 in Fighting
  3946 | D:6      | Noticed Blork the orc
  3953 | D:6      | Killed Blork the orc
  4006 | D:6      | Noticed Edmund
  4015 | D:6      | Killed Edmund
  4175 | D:6      | Reached skill level 11 in Fighting
  4367 | D:6      | Reached skill level 10 in Ranged Weapons
  4382 | D:6      | Found a blossoming altar of Fedhas.
  4747 | D:7      | Noticed Pikel
  4767 | D:7      | Killed Pikel
  4768 | D:7      | Reached skill level 12 in Fighting
  4768 | D:7      | Reached XP level 10. HP: 61/89 MP: 10/10
  4806 | D:7      | Found Hamarog's General Store.
  4814 | D:7      | Bought a potion of invisibility for 96 gold pieces
  5019 | D:7      | Found Orphefry's Assorted Antiques.
  5031 | D:7      | Bought a scroll of identify for 54 gold pieces
  5031 | D:7      | Bought a bloodstained cloak for 256 gold pieces
  5031 | D:7      | Identified the +0 cloak "Paofic" {Str-5 Int+4 Dex+7} (You
                  | bought it in a shop on level 7 of the Dungeon)
  5049 | D:7      | Found Xugewk's Distillery.
  5061 | D:7      | Bought 2 potions of resistance for 280 gold pieces
  5061 | D:7      | Bought a potion of mutation for 112 gold pieces
  5223 | D:7      | Found a burning altar of Makhleb.
  5223 | D:7      | Noticed an Executioner
  5773 | D:8      | Found a shimmering altar of Xom.
  5789 | D:8      | Found an opulent altar of Gozag.
  6035 | D:8      | Found Fipen's Magic Scroll Shop.
  6041 | D:8      | Bought a scroll of identify for 28 gold pieces
  6041 | D:8      | Bought a scroll of fear for 56 gold pieces
  6041 | D:8      | Bought a scroll of blinking for 105 gold pieces
  6378 | D:9      | Reached skill level 13 in Fighting
  7109 | D:10     | Entered Level 10 of the Dungeon
  7152 | D:10     | Reached XP level 11. HP: 81/99 MP: 11/11
  7254 | D:10     | Reached skill level 14 in Fighting
  7364 | D:10     | Found a sparkling altar of Nemelex Xobeh.
  7697 | D:10     | Found a snail-covered altar of Cheibriados.
  7738 | D:10     | Found a staircase to the Lair.
  7959 | D:11     | Noticed a centaur warrior
  7964 | D:11     | Killed a centaur warrior
  8134 | D:11     | Noticed a two-headed ogre
  8134 | D:11     | Noticed a boulder beetle
  8222 | D:11     | Killed a two-headed ogre
  8349 | D:7      | Bought a scroll of teleportation for 36 gold pieces
  8387 | D:8      | Bought a scroll of teleportation for 42 gold pieces
  8463 | D:11     | Reached skill level 15 in Fighting
  8600 | D:11     | Noticed Joseph
  8609 | D:11     | Killed Joseph
  8684 | D:11     | Killed a boulder beetle
  8766 | D:11     | Found Fisuceh's Antique Armour Shop.
  8773 | D:11     | Bought a pair of runed boots for 210 gold pieces
  8982 | D:12     | Reached XP level 12. HP: 105/111 MP: 12/12
  9015 | D:12     | Noticed Nessos
  9028 | D:12     | Killed Nessos
  9029 | D:12     | Reached skill level 16 in Fighting
  9108 | D:12     | Found a staircase to the Orcish Mines.
  9198 | D:12     | Noticed Erolcha
  9205 | D:12     | Killed Erolcha
  9209 | D:12     | Noticed Lodul
  9218 | D:12     | Killed Lodul
  9324 | D:12     | Noticed Fannar
  9344 | D:12     | Killed Fannar
  9378 | D:12     | Found Fahen's Weapon Shop.
  9905 | D:13     | Noticed a centaur warrior
  9908 | D:13     | Killed a centaur warrior
  9909 | D:13     | Reached skill level 5 in Dodging
  9926 | D:13     | Reached skill level 17 in Fighting
 10025 | D:13     | Reached skill level 15 in Ranged Weapons
 10093 | D:13     | Gained mutation: You can hop long distances. [Barachi
                  | growth]
 10093 | D:13     | Reached XP level 13. HP: 110/120 MP: 13/13
 10270 | D:13     | Found a runed translucent door.
 10472 | D:13     | Found a runed translucent door.
 10473 | D:13     | Found a runed translucent door.
 10498 | D:13     | Reached skill level 18 in Fighting
 10570 | D:13     | Identified the ring "Mafisu" {Wiz Fly rC- Str+3 Int+4}
 10571 | D:13     | Identified the ring "Muniell" {rN+ Str+2 Int-2 Dex+3}
 10691 | D:13     | Identified the amulet of Miakku {Reflect rCorr Int+2 Dex+4
                  | SH+5}
 10704 | D:13     | Identified the amulet of Fetiuddo {Reflect rElec rPois
                  | Will++ rCorr SH+5 Stlth-}
 11129 | D:13     | Found a gate to the Vaults.
 11341 | D:14     | Reached XP level 14. HP: 86/131 MP: 14/14
 11488 | D:14     | Found an ornate altar of the Wu Jian Council.
 11516 | D:14     | Identified the +9 arbalest "Saott" {elec, rF+}
 11818 | D:14     | Reached skill level 10 in Dodging
 11916 | D:14     | Reached skill level 19 in Fighting
 12293 | D:15     | Entered Level 15 of the Dungeon
 12399 | D:15     | Noticed Agnes
 12403 | D:15     | Killed Agnes
 12430 | D:15     | Found a frozen archway.
 12447 | IceCv    | Entered an ice cave
 12929 | IceCv    | Noticed an Ice Fiend
 12933 | IceCv    | Killed an Ice Fiend
 13501 | D:15     | Found a bloodstained altar of Trog.
 13517 | D:15     | Noticed Rupert
 13520 | D:15     | Paralysed by Rupert for 5 turns
 13527 | D:15     | Killed Rupert
 13541 | D:15     | Reached XP level 15. HP: 141/141 MP: 15/15
 13558 | Abyss:3  | Cast into level 3 of the Abyss (a wizard)
 13560 | Abyss:3  | Found a corrupted altar of Lugonu.
 13617 | Abyss:3  | Noticed a tentacled starspawn
 13723 | Abyss:3  | Reached skill level 20 in Fighting
 13807 | Abyss:3  | Got an abyssal rune of Zot
 13826 | D:15     | Escaped the Abyss
 14040 | D:15     | Found a staircase to the Depths.
 14776 | D:7      | Bought a scroll labelled COGENU LAJIYC for 27 gold pieces
 14889 | Lair:1   | Entered Level 1 of the Lair of Beasts
 14918 | Lair:1   | Found a gate leading to a gauntlet.
 14931 | Gauntlet | Entered a Gauntlet
 14931 | Gauntlet | Found a transporter.
 14931 | Gauntlet | Found a transporter.
 14934 | Gauntlet | Found a transporter.
 14934 | Gauntlet | Found a transporter.
 14936 | Gauntlet | Found a large runed translucent door.
 14937 | Gauntlet | Found a large runed translucent door.
 14938 | Gauntlet | Found a large runed translucent door.
 14938 | Gauntlet | Found a large runed translucent door.
 14938 | Gauntlet | Found a runed translucent door.
 14939 | Gauntlet | Found a large runed translucent door.
 14940 | Gauntlet | Found a large runed translucent door.
 14941 | Gauntlet | Found a large runed translucent door.
 14941 | Gauntlet | Found a large runed translucent door.
 14942 | Gauntlet | Found a transporter.
 14950 | Gauntlet | Found a transporter.
 14959 | Gauntlet | Found a runed translucent gate.
 14960 | Gauntlet | Found a runed translucent gate.
 14961 | Gauntlet | Found a transporter.
 14961 | Gauntlet | Found a transporter.
 14971 | Gauntlet | Found a transporter.
 14971 | Gauntlet | Found a transporter.
 14974 | Gauntlet | Found a transporter.
 15001 | Gauntlet | Found a runed translucent gate.
 15003 | Gauntlet | Found a large runed translucent door.
 15003 | Gauntlet | Found a large runed translucent door.
 15004 | Gauntlet | Found a large runed translucent door.
 15007 | Gauntlet | Found a transporter.
 15008 | Gauntlet | Found a large runed translucent door.
 15009 | Gauntlet | Found a runed translucent door.
 15009 | Gauntlet | Found a large runed translucent door.
 15009 | Gauntlet | Found a large runed translucent door.
 15012 | Gauntlet | Found a large runed translucent door.
 15013 | Gauntlet | Found a large runed translucent door.
 15049 | Gauntlet | Found a transporter.
 15063 | Gauntlet | Found a transporter.
 15082 | Gauntlet | Found a transporter.
 15202 | Gauntlet | Found a transporter.
 15417 | Gauntlet | Identified the +0 helmet "Zoeghyug" {Contam rPois rN+ Str+9
                  | Dex-5}
 15460 | Gauntlet | Identified the +0 pair of gloves of Bitterness {Contam
                  | +Blink Slay+3}
 15509 | Gauntlet | Identified the +5 dire flail of the Ninety-Nine Scars
                  | {vorpal, rElec}
 15509 | Gauntlet | Identified the +7 rapier "Deallax" {flame, rPois rC- Will-
                  | Dex+9}
 15510 | Gauntlet | Got the Book of the Frozen Traveller
 15642 | Lair:1   | Reached skill level 1 in Evocations
 16003 | Lair:1   | Found an iron altar of Okawaru.
 16653 | Lair:2   | Found a staircase to the Shoals.
 16802 | Lair:2   | Found a hole to the Spider Nest.
 17313 | Lair:3   | Reached skill level 1 in Armour
 18096 | Lair:4   | Found a viscous altar of Jiyva.
 18099 | Lair:4   | Found a staircase to the Slime Pits.
 18356 | Lair:4   | Reached XP level 16. HP: 150/150 MP: 16/16
 18930 | Lair:5   | Entered Level 5 of the Lair of Beasts
 18982 | Lair:5   | Reached skill level 21 in Fighting
 18988 | Lair:5   | Reached skill level 5 in Evocations
 19226 | Lair:5   | Got the Teachings on Fog and Enchantment
 19502 | Lair:5   | Reached skill level 5 in Armour
 19720 | Lair:5   | Noticed an azure jelly
 19723 | Lair:5   | Killed an azure jelly
 20093 | Orc:1    | Entered Level 1 of the Orcish Mines
 20629 | Orc:2    | Entered Level 2 of the Orcish Mines
 20640 | Orc:2    | Found a staircase to the Elven Halls.
 21040 | Orc:2    | Found Hupseag's Distillery.
 21069 | Orc:2    | Found Yvonyhot's Antique Armour Shoppe.
 21080 | Orc:2    | Found Poutzea's General Store.
 21083 | Orc:2    | Found Bicof's Book Boutique.
 21479 | Spider:1 | Entered Level 1 of the Spider Nest
 21915 | Spider:1 | Reached XP level 17. HP: 158/158 MP: 17/17
 22066 | Spider:2 | Noticed Arachne
 23034 | Spider:2 | Killed Arachne
 23495 | Spider:2 | Found a runed translucent door.
 23646 | Spider:3 | Noticed Jorgrun
 23653 | Spider:3 | Killed Jorgrun
 23654 | Spider:3 | Reached skill level 22 in Fighting
 24142 | Spider:3 | Reached skill level 15 in Dodging
 24661 | Spider:4 | Entered Level 4 of the Spider Nest
 24838 | Spider:4 | Reached XP level 18. HP: 167/168 MP: 18/18
 25202 | Spider:4 | Got a gossamer rune of Zot
 25418 | Spider:4 | Reached skill level 10 in Armour
 25457 | Spider:4 | Reached skill level 10 in Evocations
 25834 | Shoals:1 | Entered Level 1 of the Shoals
 26131 | Shoals:1 | Found a burning altar of Makhleb.
 26143 | Shoals:1 | Noticed Kirke
 26159 | Shoals:1 | Killed Kirke
 26252 | Shoals:1 | Identified a scroll of acquirement
 26342 | Shoals:1 | Acquired 361 gold pieces
 26549 | Shoals:2 | Noticed lotum's ghost (adept MiBe)
 26559 | Shoals:2 | Found a bloodstained altar of Trog.
 26566 | Shoals:2 | Found a transporter.
 26569 | Shoals:2 | Found a transporter.
 27424 | Shoals:2 | Reached XP level 19. HP: 164/176 MP: 19/19
 27442 | Shoals:2 | Killed lotum's ghost
 27443 | Shoals:2 | Reached skill level 23 in Fighting
 27665 | Shoals:2 | Identified the +8 broad axe "Gram" {vamp, Str+3}
 27820 | Shoals:3 | Noticed Polyphemus
 27840 | Shoals:3 | Killed Polyphemus
 28466 | Shoals:3 | Noticed Ilsuiw
 28479 | Shoals:3 | Killed Ilsuiw
 28913 | Shoals:4 | Entered Level 4 of the Shoals
 29262 | Shoals:4 | Identified the +7 arbalest "Qionk" {antimagic, rCorr Str+3
                  | Dex-2 SInv}
 29752 | Shoals:4 | Identified the +2 rapier of Spontaneous Combustion {vorpal,
                  | rPois rF+++ Int+4 Dex-5}
 29835 | Shoals:4 | Got the Handbook of Metamorphic Venin
 30016 | Shoals:4 | Got a barnacled rune of Zot
 30340 | Elf:1    | Entered Level 1 of the Elven Halls
 30646 | Elf:1    | Identified Roxanne's Grimoire of Shaping
 30646 | Elf:1    | Noticed Roxanne
 30652 | Elf:1    | Killed Roxanne
 30831 | Elf:1    | Reached XP level 20. HP: 177/186 MP: 20/20
 30872 | Elf:1    | Got the Commentary on Battle Magic
 31109 | Elf:2    | Found a flickering gateway to a bazaar.
 31127 | Bazaar   | Entered a bazaar
 31127 | Bazaar   | Found Lergh's Magic Scroll Shoppe.
 31135 | Bazaar   | Bought a scroll of teleportation for 36 gold pieces
 31135 | Bazaar   | Bought a scroll of enchant armour for 90 gold pieces
 31135 | Bazaar   | Bought a scroll of enchant armour for 90 gold pieces
 31135 | Bazaar   | Bought a scroll of acquirement for 624 gold pieces
 31135 | Bazaar   | Bought a scroll of acquirement for 624 gold pieces
 31143 | Bazaar   | Found Qiduin's Antique Weapon Shoppe.
 31150 | Bazaar   | Found Pilipnik's Antique Weapon Shop.
 31158 | Bazaar   | Bought the +6 arbalest "Damnation" {damnation} for 1280
                  | gold pieces
 31158 | Bazaar   | Found the +6 arbalest "Damnation" {damnation}
 31161 | Bazaar   | Found Zaxo's Distillery.
 31169 | Bazaar   | Bought a potion of cancellation for 88 gold pieces
 31169 | Bazaar   | Bought a potion of curing for 33 gold pieces
 31169 | Bazaar   | Bought a potion of curing for 33 gold pieces
 31169 | Bazaar   | Bought 2 potions of invisibility for 176 gold pieces
 31169 | Bazaar   | Bought a potion of heal wounds for 55 gold pieces
 31169 | Bazaar   | Bought a potion of ambrosia for 88 gold pieces
 31169 | Bazaar   | Bought a potion of ambrosia for 88 gold pieces
 31169 | Bazaar   | Bought a potion of ambrosia for 88 gold pieces
 31197 | Bazaar   | Bought a scroll of magic mapping for 90 gold pieces
 31204 | Elf:2    | Acquired 910 gold pieces
 31206 | Elf:2    | Acquired 470 gold pieces
 31344 | Elf:2    | Identified the +0 pair of gloves of Resilience {rN+ Str+2
                  | Dex-5}
 31444 | Elf:2    | Found a runed translucent gate.
 31444 | Elf:2    | Found a runed translucent gate.
 31444 | Elf:2    | Found a runed translucent gate.
 32117 | Vaults:1 | Entered Level 1 of the Vaults
 32205 | Vaults:1 | Identified the +6 chain mail of Uddunuz {Stlth+}
 32726 | Vaults:1 | Reached skill level 24 in Fighting
 33102 | Vaults:1 | Found Muskulan's Assorted Antiques.
 33558 | Vaults:1 | Identified the +5 plate armour of Cynicism {Slay+2}
 33623 | Vaults:1 | Found a portal to a secret trove of treasure.
 33629 | Vaults:1 | Identified the +1 helmet "Irhiheqol" {Rampage rN+ Str-5}
 34017 | Vaults:2 | Reached XP level 21. HP: 196/196 MP: 21/21
 34207 | Vaults:2 | Found a staircase to the Crypt.
 34756 | Vaults:2 | Found Faont's General Store.
 35697 | Vaults:3 | Found Cyunol's Distillery.
 35742 | Vaults:3 | Reached skill level 25 in Fighting
 35782 | Vaults:3 | Identified the +0 leather armour of a Gauntlet {Str+2
                  | Dex+3}
 35889 | Vaults:2 | Bought the +3 steam dragon scales "Samuocve" {rC+++ Str-5
                  | SInv Stlth-} for 1696 gold pieces
 36326 | Vaults:3 | Reached skill level 15 in Evocations
 36545 | Vaults:3 | Found a transporter.
 37145 | Vaults:3 | Found a transporter.
 37145 | Vaults:3 | Found a runed translucent door.
 37145 | Vaults:3 | Found a bloodstained altar of Trog.
 37145 | Vaults:3 | Found the +8 Wrath of Trog {antimagic, *Rage Rampage}
 37166 | Vaults:3 | Reached XP level 22. HP: 206/206 MP: 22/22
 37261 | Vaults:3 | Identified the +7 plate armour "Xupro" {rN++ Str+2}
 37464 | Vaults:4 | Noticed Margery
 37476 | Vaults:4 | Killed Margery
 38009 | Vaults:4 | Identified the +1 robe of the Known World {rElec Str+6}
 38929 | Depths:1 | Entered Level 1 of the Depths
 39149 | Depths:1 | Noticed Bai Suzhen
 39156 | Depths:1 | Killed Bai Suzhen
 39558 | Depths:1 | Found a gateway to Hell.
 39659 | Depths:1 | Found Neuff's Book Boutique.
 39660 | Depths:1 | Found Ishaicz Imaf's Jewellery Shoppe.
 39661 | Depths:1 | Found Dohac's Book Boutique.
 39669 | Depths:1 | Bought the ring of Cuxymoake {rF+ Will- Str+2 Slay+4} for
                  | 1656 gold pieces
 39854 | Depths:1 | Found a one-way gate to the infinite horrors of the Abyss.
 39977 | Depths:1 | Found a glowing golden altar of the Shining One.
 40185 | Depths:1 | Reached skill level 15 in Armour
 40305 | Depths:1 | Found the +9 sword of Zonguldrok {reap}
 40587 | Depths:2 | Found Neco's Jewellery Emporium.
 40763 | Depths:2 | Found a sparkling altar of Nemelex Xobeh.
 40876 | Depths:2 | Reached XP level 23. HP: 215/215 MP: 23/23
 40979 | Depths:2 | Reached skill level 26 in Fighting
 41081 | Depths:2 | Noticed a golden dragon
 41092 | Depths:2 | Killed a golden dragon
 41095 | Depths:2 | Noticed a juggernaut
 41105 | Depths:2 | Killed a juggernaut
 41488 | Depths:2 | Noticed a golden dragon
 41491 | Depths:2 | Noticed a golden dragon
 41497 | Depths:2 | Killed a golden dragon
 41498 | Depths:2 | Killed a golden dragon
 41532 | Depths:2 | Identified the +1 flail of the Endless Friars {spect, Will+
                  | MP+9 SInv}
 41653 | Depths:2 | Learned a level 1 spell: Apportation
 41881 | Depths:3 | You fall into a shaft and drop 1 floor!
 41881 | Depths:4 | Entered Level 4 of the Depths
 41895 | Depths:4 | Reached skill level 1 in Translocations
 41905 | Depths:4 | Reached skill level 1 in Spellcasting
 41911 | Depths:4 | Noticed Vv
 42026 | Depths:4 | Got the Incunable of Fetid Terrain
 42115 | Depths:3 | Identified the +4 troll leather armour "Geeduy Kuene" {rF+
                  | rN+ Regen+ Str+2}
 42419 | Depths:3 | Reached skill level 1 in Conjurations
 42468 | Depths:3 | Reached XP level 24. HP: 225/225 MP: 26/26
 42727 | Depths:3 | Found Umestrere's Antique Armour Shop.
 42748 | Depths:3 | Found Ajui's Jewellery Shoppe.
 42887 | Depths:3 | Found a corrupted altar of Lugonu.
 43507 | Depths:4 | Found Kagodagui's Magic Scroll Emporium.
 43526 | Depths:4 | Killed Vv
 43642 | Depths:4 | Found a one-way gate leading to the halls of Pandemonium.
 43689 | Depths:4 | Found a one-way gateway to a ziggurat.
 44061 | Depths:4 | Found a gate to the Realm of Zot.
 44120 | Depths:4 | Found a radiant altar of Vehumet.
 44245 | Zot:1    | Entered Level 1 of the Realm of Zot
 44675 | Zot:1    | Identified the ring "Toco" {Ice rElec rN+ Int-5}
 44675 | Zot:1    | Noticed Josephina
 45052 | Zot:4    | Learned a level 4 spell: Iskenderun's Mystic Blast
 45113 | Zot:4    | Found a runed translucent gate.
 45114 | Zot:4    | Found a runed translucent gate.
 45114 | Zot:4    | Noticed an ancient lich
 45115 | Zot:4    | Found a runed translucent gate.
 45115 | Zot:4    | Noticed Gofuck's ghost (veteran DgAE)
 45144 | Zot:4    | Killed an ancient lich
 45151 | Zot:4    | Killed Gofuck's ghost
 45179 | Zot:4    | Identified the +1 hat of Foolhardiness {rN+}
 45295 | Zot:5    | Entered Level 5 of the Realm of Zot
 45452 | Zot:4    | Reached skill level 5 in Translocations
 46068 | Zot:4    | Reached skill level 5 in Spellcasting
 46267 | Zot:4    | Learned a level 3 spell: Gell's Gravitas
 46271 | Zot:4    | Learned a level 3 spell: Teleport Other
 46657 | Zot:5    | Reached skill level 5 in Conjurations
 46731 | Zot:5    | Noticed a Killer Klown
 46745 | Zot:5    | Noticed a Killer Klown
 46747 | Zot:5    | Noticed a Killer Klown
 46748 | Zot:5    | Noticed a dread lich
 46748 | Zot:5    | Noticed a Killer Klown
 46748 | Zot:5    | Noticed a Killer Klown
 46749 | Zot:5    | Noticed a Killer Klown
 46749 | Zot:5    | Noticed a Killer Klown
 46749 | Zot:5    | Noticed an orb of fire
 46752 | Zot:5    | Gained mutation: Your body sometimes deteriorates upon
                  | taking damage. [an orb of fire]
 46754 | Zot:5    | Noticed a Killer Klown
 46759 | Zot:5    | a Killer Klown changed into a caustic shrike
 46759 | Zot:5    | Noticed a caustic shrike
 46764 | Zot:5    | Killed a Killer Klown
 46768 | Zot:5    | a caustic shrike changed into a sphinx
 46768 | Zot:5    | Gained mutation: You occasionally shout uncontrollably at
                  | your foes. [mutagenic glow]
 46771 | Zot:5    | Killed an orb of fire
 46772 | Zot:5    | Reached skill level 27 in Fighting
 46772 | Zot:5    | Reached XP level 25. HP: 181/234 MP: 10/31
 46782 | Zot:5    | Killed a Killer Klown
 46783 | Zot:5    | a Killer Klown changed into a rockslime
 46783 | Zot:5    | Gained mutation: You sometimes lose your temper in combat.
                  | [mutagenic glow]
 46791 | Zot:5    | Killed a Killer Klown
 46792 | Zot:5    | Gained mutation: Your body often deteriorates upon taking
                  | damage. [mutagenic glow]
 46793 | Zot:5    | Lost mutation: You sometimes lose your temper in combat.
                  | [potion of mutation]
 46793 | Zot:5    | Lost mutation: Your body often deteriorates upon taking
                  | damage. [potion of mutation]
 46793 | Zot:5    | Gained mutation: Your magical capacity is low. (-10% MP)
                  | [potion of mutation]
 46793 | Zot:5    | Gained mutation: You frequently scream uncontrollably at
                  | your foes. [potion of mutation]
 46793 | Zot:5    | Gained mutation: You have a pair of small horns on your
                  | head. [potion of mutation]
 46795 | Zot:5    | Lost mutation: Your magical capacity is low. (-10% MP)
                  | [potion of mutation]
 46795 | Zot:5    | Lost mutation: You have a pair of small horns on your head.
                  | [potion of mutation]
 46795 | Zot:5    | Gained mutation: You occasionally lose the ability to drink
                  | potions when taking damage. [potion of mutation]
 46796 | Zot:5    | Lost mutation: You frequently scream uncontrollably at your
                  | foes. [potion of mutation]
 46796 | Zot:5    | Lost mutation: You occasionally lose the ability to drink
                  | potions when taking damage. [potion of mutation]
 46796 | Zot:5    | Gained mutation: You are covered in fur. (AC +1) [potion of
                  | mutation]
 46796 | Zot:5    | Gained mutation: Your body often deteriorates upon taking
                  | damage. [potion of mutation]
 46804 | Zot:5    | Noticed an orb of fire
 46807 | Zot:5    | Gained mutation: You possess an exceptional clarity of
                  | mind. [an orb of fire]
 46809 | Zot:5    | Noticed an orb of fire
 46817 | Zot:5    | Killed an orb of fire
 46824 | Zot:5    | Killed a dread lich
 46828 | Zot:5    | Noticed an orb of fire
 46855 | Zot:5    | Killed a Killer Klown
 46861 | Zot:5    | Gained mutation: You have hidden genetic defects. [an orb
                  | of fire]
 46872 | Zot:5    | Killed a Killer Klown
 46875 | Zot:5    | Killed an orb of fire
 47246 | Zot:5    | Gained mutation: You do not regenerate when monsters are
                  | visible. [an orb of fire]
 47253 | Zot:4    | Killed an orb of fire
 47257 | Zot:4    | Lost mutation: You possess an exceptional clarity of mind.
                  | [potion of mutation]
 47257 | Zot:4    | Lost mutation: You have hidden genetic defects. [potion of
                  | mutation]
 47257 | Zot:4    | Gained mutation: You expend magic power (3 MP) to
                  | strengthen your wands. [potion of mutation]
 47258 | Zot:4    | Lost mutation: You are covered in fur. (AC +1) [potion of
                  | mutation]
 47258 | Zot:4    | Lost mutation: You occasionally shout uncontrollably at
                  | your foes. [potion of mutation]
 47258 | Zot:4    | Lost mutation: You expend magic power (3 MP) to strengthen
                  | your wands. [potion of mutation]
 47258 | Zot:4    | Gained mutation: Your system is resistant to poisons.
                  | (rPois) [potion of mutation]
 47259 | Zot:4    | Lost mutation: Your body often deteriorates upon taking
                  | damage. [potion of mutation]
 47259 | Zot:4    | Lost mutation: Your system is resistant to poisons. (rPois)
                  | [potion of mutation]
 47259 | Zot:4    | Lost mutation: You do not regenerate when monsters are
                  | visible. [potion of mutation]
 47259 | Zot:4    | Gained mutation: Your body often deteriorates upon taking
                  | damage. [potion of mutation]
 47259 | Zot:4    | Gained mutation: You have supernaturally acute eyesight.
                  | (SInv) [potion of mutation]
 47259 | Zot:4    | Gained mutation: You possess an exceptional clarity of
                  | mind. [potion of mutation]
 47323 | Zot:5    | Noticed a Killer Klown
 47332 | Zot:5    | Killed a Killer Klown
 47395 | Zot:5    | Noticed a Killer Klown
 47402 | Zot:5    | Killed a Killer Klown
 47423 | Zot:5    | Got the Orb of Zot
 47509 | Zot:3    | Noticed Parghit
 47869 | D:14     | Gained mutation: Your magical capacity is low. (-10% MP) [a
                  | neqoxec]
 48178 | D:$      | Escaped with the Orb!

Illustrated notes

Levels and vault maps discovered:
D:1:      grunt_arrival_lava_bath, layout_basic, serial_shops,
          nicolae_shop_behind_doors
D:2:      layout_rooms, serial_shops, shop, basic_altar
D:3:      layout_loops_ring, kennysheep_generic_room_4
D:4:      layout_rooms, uniq_ijyb, uniq_eustachio
D:5:      layout_basic, mainiacjoe_overflow_tiny_flanked, portal_sewer_entry_b,
          amcnicky_mini_corridor_feature, uniq_prince_ribbit1, uniq_menkaure
D:6:      layout_loops_ring, fedhas_bush_and_centaur_altar, temple_statues,
          serial_bayou_pond_b, amethyst_killhole, uniq_edmund,
          uniq_blork_the_orc
D:7:      layout_loops_ring, makhleb_altar_promises_db, serial_shops,
          nicolae_diamond_shop, nicolae_shop_crystal, shop, uniq_pikel
D:8:      layout_cave_pods, mainiacjoe_overflow_cross_hatched,
          lemuel_round_altar, serial_shops, kennysheep_little_box
D:9:      minmay_general_purpose_star, layout_long_grid, minmay_misc_feat_room,
          bh_circular_ruins
D:10:     layout_roguey, lemuel_tele_altar, mainiacjoe_overflow_brackets,
          lair_entry_dummy
D:11:     kennysheep_ambush_hall, layout_basic, serial_shops, shop,
          minmay_sticks_and_stones
D:12:     layout_loops_ring, minmay_orc_entry_guard_dogs, serial_shops,
          nicolae_shop_bloodbath_and_beyond, uniq_lodul, uniq_nessos,
          uniq_erolcha, uniq_fannar
D:13:     minmay_the_grid_triangle_9x9_recursive_3
          [minmay_the_grid_triangle_9x9_tough_junction,
          minmay_the_grid_triangle_9x9_flanged_cone,
          minmay_the_grid_triangle_9x9_alien,
          minmay_the_grid_triangle_9x9_prize_special,
          minmay_the_grid_triangle_9x9_subtriangle,
          minmay_the_grid_triangle_9x9_empty,
          minmay_the_grid_triangle_9x9_descending_squares,
          minmay_the_grid_triangle_9x9_sparse_checkered,
          minmay_the_grid_triangle_9x9_checkered], layout_basic, erik_vaults_1
D:14:     minmay_isolated_rectangles_in_corner, layout_loops_ring,
          nicolae_wu_jian_wuxing_cycle
D:15:     hangedman_depths_entry_civil_slaughter, layout_loops_ring,
          trog_three_pillars_becter, portal_ice_cave_entry_horrid_things,
          item_on_display_a, uniq_agnes, uniq_rupert
Lair:1:   layout_regular_city, basic_altar, gauntlet_entry_generic
Lair:2:   layout_hall_layers, elwin_shoals_entry_stream, dummy_spider_entry,
          ice2_lemuel, infiniplex_staircase_pool, grunt_megastairs_3
Lair:3:   layout_loops_ring, dpeg_oklob_1
Lair:4:   layout_loops_ring, minmay_slime_entry_oklob_enclosed,
          minmay_lair_oklob_bushes, nicolae_quartered_pool_little
Lair:5:   minmay_lair_end_enchanted_forest, layout_misc_corridors, minivault_19,
          lookout_lair_type, nicolae_lair_time_for_slime
Shoals:1: layout_shoals, nicolae_shoals_cliffside_cave, lemuel_altar_in_water,
          uniq_kirke
Shoals:2: layout_shoals, gammafunk_ghost_wrathful_warriors
Shoals:3: layout_shoals, uniq_ilsuiw, uniq_polyphemus
Shoals:4: shoals_end_hellmonk_lost_city
Spider:1: layout_spider_delve
Spider:2: cheibrodos_spider_deadly_dance, uniq_arachne
Spider:3: layout_spider_delve, uniq_jorgrun
Spider:4: grunt_spider_rune_circles
Orc:1:    layout_diamond_mine, rock_pile
Orc:2:    st_orc_elflike, layout_caves
Elf:1:    eino_elf_arrival_sip, layout_loops_ring, minmay_elf_annihilation,
          uniq_roxanne
Elf:2:    nicolae_elf_blades_splatter_lattice
          [nicolae_blade_entry_hurt_lockers], layout_loops_cross, serial_shops,
          bzr_in_the_mist, minivault_15
Vaults:1: v_pattern_3, vaults_dpeg_diagonal, v_alt_pattern_6, serial_ice_g,
          nicolae_vaults_arrows, v_rooms_2, v_misc_8, v_rooms_4,
          dpeg_vaults_waves, v_rooms_4, nicolae_vaults_little_squares_3,
          vaults_room_hallway, layout_vaults_maze, serial_shops,
          nicolae_shop_overgrown_old_shop, nicolae_trove_entry_isolated
Vaults:2: hangedman_vaults_hat, minmay_crypt_entry_simple_corners,
          vaults_room_stairs_pillars, nicolae_vaults_fighting_squares,
          vaults_mumra_chevron, v_misc_4, nicolae_vaults_asterisk, v_misc_29,
          nicolae_vaults_network_square, nicolae_vaults_ninety_degrees,
          vaults_room_semicircle, v_pattern_2,
          nicolae_vaults_diagonal_hallway_8, ontoclasm_vaults_fault,
          nicolae_vaults_rhombus_6, nicolae_vaults_rhombus_5,
          layout_vaults_ring, serial_shops, shop
Vaults:3: dpeg_vaults_monster_row, hangedman_vaults_nails,
          emtedronai_trogs_sanctum, hangedman_vaults_capsules,
          nicolae_vaults_big_angled_halls, v_alt_pattern_1,
          ontoclasm_vaults_loading_screen, nicolae_vaults_mini_display_case,
          vaults_room_pools, ontoclasm_vaults_decontamination,
          layout_vaults_omnicross, serial_shops, nicolae_shop_crystal
Vaults:4: vaults_room_large_hall, st_more_cells, vaults_dpeg_encased_lava,
          nicolae_vaults_diagonal_hallway_8, grunt_vaults_hallway_short,
          vaults_room_door_hall, layout_vaults_omnigrid, uniq_margery
Depths:1: layout_gridlike, abyss_entry, nicolae_tso_swordbearing_angel,
          pf_coc_iceberg, minmay_misc_feat_x, minmay_guarded_unrand_zonguldrok,
          minmay_shop_grove, uniq_bai_suzhen
Depths:2: grunt_bent_corner, layout_basic, rand_demon_pan_entry_9, serial_shops,
          nicolae_shop_crystal, hell_entry, nemelex_altar_shiori,
          minmay_gold_behind_fungi
Depths:3: minmay_quarter_circles, layout_gridlike, serial_shops,
          nicolae_shop_waterfront, minmay_tree_intersection,
          hangedman_tar_grid_catacomb, abyss_entry_flame_altar, st_stairs_8,
          grunt_decor_arrowhead, minmay_shop_star
Depths:4: grunt_zot_entry_bicorn, layout_cave_pools, enter_ziggurat_e,
          serial_shops, shop_fountains, hangedman_abyss_or_decor_stabs,
          minmay_room_of_horrors, pan_entry, hell_entry,
          nicolae_vehumet_altar_sigil, uniq_vv
Zot:1:    kennysheep_six_static_rooms, layout_twisted_circle, uniq_josephina
Zot:2:    layout_cellular_growth
Zot:3:    layout_gridville, uniq_parghit
Zot:4:    layout_basic, gammafunk_ghost_necromancy
Zot:5:    layout_basic

Skill      XL: |  1  2  3  4  5  6  7  8  9 10 11 12 13 14 15 16 17 18 19 20 21 22 23 24 25 |
---------------+----------------------------------------------------------------------------+-----
Fighting       | 3 4 5 6 8 9 12 13 15 17 18 19 20 21 22 23 24 25 26 27 | 27.0
Ranged Weapons | 5 6 7 9 10 12 13 15 16 17 18 19 20 21 22 23 | 23.6
Dodging        | 6 9 11 13 14 15 16 17 18 19 20 21 | 21.5
Evocations     | 4 7 9 10 12 13 15 16 17 18 | 18.3
Armour         | 2 6 9 11 12 15 17 19 | 19.8
Translocations | 2 5 6 |  6.9
Spellcasting   | 2 5 |  5.6
Conjurations   | 1 5 6 |  6.3
Stealth        | |  0.8

Action                   |  1- 3 |  4- 6 |  7- 9 | 10-12 | 13-15 | 16-18 | 19-21 | 22-24 | 25-27 || total
-------------------------+-------+-------+-------+-------+-------+-------+-------+-------+-------++-------
 Fire: Shortbow          |    76 |   131 |   324 |   542 |       |       |       |       |       ||  1073
       Longbow           |       |       |       |   115 |   179 |       |       |       |       ||   294
       Arbalest          |       |       |       |       |   465 |  1193 |   921 |   969 |   145 ||  3693
Invok: Bribe Branch      |       |       |       |       |       |       |       |     2 |     2 ||     4
       Potion Petition   |       |       |       |       |       |       |       |       |     1 ||     1
 Abil: Hop               |       |     2 |       |     6 |     6 |    12 |    23 |    36 |     9 ||    94
       Evoke Blink       |       |       |       |       |       |     4 |     7 |    18 |    17 ||    46
Evoke: Wand              |       |       |       |       |       |       |     4 |     1 |     1 ||     6
       Tin of tremorston |       |       |       |       |       |       |     1 |       |       ||     1
  Use: Potion            |       |     5 |       |     2 |     5 |     2 |       |     1 |    15 ||    30
       Scroll            |       |     4 |     7 |    11 |    10 |     4 |     4 |     8 |     6 ||    54
Armor: Leather armour    |     6 |    40 |    60 |   100 |       |       |    11 |       |       ||   217
       Robe              |       |       |       |     7 |    38 |    72 |    15 |       |       ||   132
       Steam dragon scal |       |       |       |       |       |       |     2 |    31 |    23 ||    56
Dodge: Dodged            |    18 |   106 |   115 |   121 |   191 |   513 |   304 |   212 |   115 ||  1695
Block: Other             |       |       |       |       |    29 |    87 |    49 |    25 |    26 ||   216
       Reflection        |       |       |       |       |       |     5 |    22 |     5 |     1 ||    33

Table legend: (Time is in decaauts)
 A = Elapsed time spent in this place.
 B = Non-inter-level travel time spent in this place.
 C = Inter-level travel time spent in this place.
 D = Time resting spent in this place.
 E = Time spent auto-exploring this place.
 F = Levels seen in this place.
 G = Mean time per level.
                   A        B        C        D        E       F      G
               +--------+--------+--------+--------+--------+-----+--------+
         Total |  54448 |  49309 |   5139 |   2613 |  36121 |  50 | 1089.0 |
       Dungeon |  16474 |  14376 |   2098 |    190 |  11179 |  15 | 1098.3 |
          Lair |   5311 |   4863 |    448 |    189 |   3954 |   5 | 1062.2 |
        Shoals |   4794 |   4542 |    252 |    241 |   3598 |   4 | 1198.5 |
   Spider Nest |   4765 |   4380 |    385 |     22 |   3339 |   4 | 1191.2 |
  Orcish Mines |   1583 |   1288 |    295 |      0 |   1061 |   2 |  791.5 |
   Elven Halls |   1826 |   1607 |    219 |      0 |   1295 |   2 |  913.0 |
        Vaults |   7555 |   6875 |    680 |    420 |   5276 |   4 | 1888.8 |
        Depths |   6150 |   5814 |    336 |    565 |   3953 |   4 | 1537.5 |
           Zot |   3660 |   3237 |    423 |    736 |   1197 |   5 |  732.0 |
         Abyss |    291 |    291 |      0 |      0 |     51 |   1 |  291.0 |
        Bazaar |     89 |     89 |      0 |      0 |     43 |   1 |   89.0 |
         Sewer |    134 |    134 |      0 |      0 |     65 |   1 |  134.0 |
      Ice Cave |   1067 |   1067 |      0 |    250 |    588 |   1 | 1067.0 |
      Gauntlet |    741 |    741 |      0 |      0 |    519 |   1 |  741.0 |
               +--------+--------+--------+--------+--------+-----+--------+

Top non-repeatable levels by time:
Vaults:2: 2144 daAuts
Vaults:1: 2082 daAuts
Vaults:3: 1801 daAuts
    D:13: 1749 daAuts
Depths:1: 1700 daAuts
Depths:3: 1693 daAuts
Depths:2: 1651 daAuts
Shoals:2: 1595 daAuts
Spider:1: 1589 daAuts
   Zot:4: 1530 daAuts
Vaults:4: 1527 daAuts
Shoals:4: 1315 daAuts
    D:14: 1266 daAuts
    D:12: 1263 daAuts
    D:15: 1250 daAuts
